 Dungeon Crawl Stone Soup version 0.31-a0-986-g5e6e4ef867 (webtiles) character file.

Game seed: 13515011320751045256

1738 LeprechaunX the Changeling (level 9, -5/59 HPs)
             Began as an Octopode Shapeshifter on Nov 20, 2023.
             Was an Initiate of Ru.
             Engulfed by a cloud of steam (6 damage)
             ... on level 6 of the Dungeon.
             The game lasted 00:06:13 (5178 turns).

LeprechaunX the Changeling (Octopode Shapeshifter)  Turns: 5178, Time: 00:06:14

Health: -5/59      AC:  1    Str: 15    XL:     9   Next: 5%
Magic:  9/9        EV: 11    Int: 13    God:    Ru [......]
Gold:   280        SH:  9    Dex: 13    Spells: 8/8 levels left

rFire   . .          .
                       - Unarmed
rCold   + . .        l - +0 kite shield
rNeg    . . .        (helmet currently unavailable)
rPois   .            m - amulet of regeneration
rElec   .            r - ring of protection from cold
rCorr   .            (no ring)
SInv    .            (no ring)
Will    .....        (no ring)
Stlth   ++           (no ring)
HPRegen 1.09/turn    (no ring)
MPRegen 0.11/turn    (no ring)
                     (no ring)

%: no passive effects
@: beast-form
A: beast (slay +3), almost no armour, amphibious, 8 rings, camouflage 1,
gelatinous body 1, (nimble swimmer 1), tentacles
a: Begin Untransformation, Renounce Religion


You were on level 6 of the Dungeon.
You worshipped Ru.
Ru was noncommittal.
You were a hulking beast.
You visited 2 branches of the dungeon, and saw 7 of its levels.

You collected 280 gold pieces.

Inventory:

Missiles
 g - 6 silver javelins (quivered)
 t - 6 boomerangs
Armour
 l - a +0 kite shield (worn)
 s - an orb of light
Jewellery
 m - an amulet of regeneration (around mantle)
 r - a ring of protection from cold (left tentacle)
Talismans
 b - a beast talisman
 c - a flux talisman
Wands
 o - a wand of charming (11)
Scrolls
 e - 4 scrolls of teleportation {unknown}
 i - 2 scrolls of fog {unknown}
 j - a scroll of vulnerability {unknown}
 k - 6 scrolls of identify {unknown}
 q - a scroll of poison {unknown}
 u - a scroll of revelation {unknown}
Potions
 a - a potion of enlightenment {unknown}
 d - 2 potions of magic {unknown}
 f - 8 potions of curing {unknown}
 h - a potion of heal wounds {unknown}
 n - a potion of degeneration {unknown}
 p - a potion of haste {unknown}


   Skills:
 + Level 4.6 Fighting
 - Level 3.0 Throwing
 - Level 2.0 Dodging
 + Level 4.0 Shields
 + Level 5.4 Unarmed Combat
 + Level 3.6 Evocations
 * Level 6.7 Shapeshifting


You had 8 spell levels left.
You didn't know any spells.
Your spell library contained the following spells:

 Spells                   Type           Power      Damage    Failure   Level
 Ozocubu's Armour         Ice            0%         N/A       95%         3
 Ozocubu's Refrigeration  Ice            0%         4d7       100%        7


Dungeon Overview and Level Annotations

Branches:
Dungeon (6/15)             Temple (1/1) D:6

Altars:
Ashenzari
Elyvilon
Fedhas
Gozag
Kikubaaqudgha
Makhleb
Okawaru
Qazlal
Ru
Sif Muna
Trog
Vehumet
Wu Jian
Xom
Yredelemnul
Zin

Shops:
D:1 [


Innate Abilities, Weirdness & Mutations

You are a hulking beast.
Your limbs bulge with bestial killing power. (Slay +3)
You cannot wear most types of armour.
You are amphibious.
You can wear up to eight rings at the same time.
Your skin changes colour to match your surroundings (Stealth+).
Your rubbery body absorbs attacks. (AC +1, EV +1)
((You are camouflaged when in or above water. (Stealth+)))
You have tentacles for arms and can constrict up to eight enemies at once.


Message History

The steam dragon is moderately wounded.
The steam dragon breathes steam at you. The ball of steam hits you!
You tentacle-slap the steam dragon.
The steam dragon is heavily wounded.
You are engulfed in a cloud of scalding steam.
The steam dragon closely misses you. The steam dragon claws you.
You tentacle-slap the steam dragon. You squeeze the steam dragon.
The steam dragon is severely wounded.
You are engulfed in a cloud of scalding steam.
The steam dragon closely misses you.
The steam dragon claws you but does no damage.
You are too injured to fight recklessly!
You are too injured to fight recklessly!
You are too injured to fight recklessly!
You tentacle-slap the steam dragon.
The steam dragon is severely wounded.
The steam dragon bites you. The steam dragon barely misses you.
Unknown command.
You barely miss the steam dragon.
The steam dragon is severely wounded.
The steam dragon barely misses you. You block the steam dragon's attack.
You closely miss the steam dragon.
The steam dragon is severely wounded.
You block the steam dragon's attack. x2
Unknown command.
You barely miss the steam dragon.
The steam dragon is severely wounded.
You block the steam dragon's attack. The steam dragon claws you.
You tentacle-slap the steam dragon but do no damage.
You squeeze the steam dragon, but do no damage.
The steam dragon is severely wounded.
The steam dragon breathes steam at you. The ball of steam hits you!!
* * * LOW HITPOINT WARNING * * *
You bludgeon the steam dragon!
You kill the steam dragon!
The steam dragon scales are intact enough to wear.
You are engulfed in a cloud of scalding steam.
You die...

##########.#...#.#..#.#
...# #.#...#.#..#.#
##.# #.#...#.#..#.# #.#
#.#.....#..#.# #.#
#######..#.# #.#
#.....#..#.# ##.#
#....#.# ...#
##.####.## ####
#...[h§§# #########


There were no monsters in sight!

Vanquished Creatures
  A steam dragon (D:6)
  Pargi (D:3)
  2 ice beasts (D:5)
  An ogre (D:5)
  A black bear (D:2)
  2 phantoms
  A bullfrog (D:6)
  7 scorpions
  A kobold brigand (D:6)
  4 wights (D:5)
  A jelly (D:5)
  2 hounds (D:5)
  3 iguanas
  4 gnolls (D:6)
  7 adders
  2 white imps (D:5)
  3 worms
  2 dart slugs
  5 orcs
  9 ball pythons
  6 bat zombies (D:3)
  7 endoplasms
  4 giant cockroaches
  8 goblins
  6 hobgoblins
  12 kobolds
  7 quokkas
  8 bats
  4 frilled lizards
  9 rats
130 creatures vanquished.

Notes
Turn   | Place    | Note
-------+----------+-------------------------------------------
     0 | D:1      | LeprechaunX the Octopode Shapeshifter began the quest for
                  | the Orb.
     0 | D:1      | Reached XP level 1. HP: 13/13 MP: 1/1
   166 | D:1      | Reached XP level 2. HP: 18/18 MP: 2/2
   278 | D:1      | Found Qupore Eth's Antique Armour Boutique.
   615 | D:1      | Reached XP level 3. HP: 22/23 MP: 3/3
  1553 | D:2      | Reached skill level 1 in Throwing
  1553 | D:2      | Reached XP level 4. HP: 29/29 MP: 4/4
  1658 | D:2      | Noticed a black bear
  1666 | D:2      | Killed a black bear
  1667 | D:2      | Reached skill level 1 in Shields
  1667 | D:2      | Reached skill level 4 in Shapeshifting
  1667 | D:2      | Reached XP level 5. HP: 9/34 MP: 5/5
  2121 | D:3      | Noticed a phantom
  2133 | D:3      | Killed a phantom
  2134 | D:3      | Reached XP level 6. HP: 20/41 MP: 6/6
  2229 | D:3      | Noticed Pargi
  2252 | D:3      | Killed Pargi
  2463 | D:3      | Found an ancient bone altar of Kikubaaqudgha.
  3234 | D:4      | Found a glowing silver altar of Zin.
  3314 | D:4      | Reached XP level 7. HP: 36/46 MP: 7/7
  3318 | D:4      | Reached skill level 1 in Evocations
  3318 | D:4      | Reached skill level 5 in Shapeshifting
  3906 | D:5      | Entered Level 5 of the Dungeon
  3926 | D:5      | Reached XP level 8. HP: 37/52 MP: 8/8
  4281 | D:5      | Found a shimmering blue altar of Sif Muna.
  4307 | D:5      | Reached skill level 6 in Shapeshifting
  4363 | D:5      | Reached skill level 5 in Unarmed Combat
  4583 | D:5      | Found a bloodstained altar of Trog.
  4641 | D:5      | Found an iron altar of Okawaru.
  4836 | D:6      | Found a staircase to the Ecumenical Temple.
  4916 | Temple   | Entered the Ecumenical Temple
  4948 | Temple   | Became a worshipper of Ru the Awakened
  5010 | D:6      | Reached XP level 9. HP: 44/59 MP: 9/9
  5177 | D:6      | HP: 1/59 [steam dragon/ball of steam (22)]
  5178 | D:6      | Engulfed by a cloud of steam

Illustrated notes

Levels and vault maps discovered:
D:1:      amcnicky_arrival_flooded_fountain, layout_loops_corners, serial_shops,
          shop
D:2:      layout_basic
D:3:      layout_basic, lemuel_zombie_altar_kikubaaqudgha,
          minmay_randomly_rotated_circles, uniq_pargi
D:4:      old_forge, layout_loops_ring, mainiacjoe_overflow_alcove_2
D:5:      layout_basic, mainiacjoe_overflow_alcove_4, okawaru_metal_pillars_1_2,
          kennysheep_mini_moat, serial_glass, glass_columns_a, glass_columns_c,
          glass_columns_c, glass_columns_b, glass_columns_b, st_stairs_3
D:6:      layout_basic, minmay_temple_entry_purple_smoke, kennysheep_donut,
          uniq_maggie
Temple:   grunt_temple_mini_profane

Skill      XL: |  1  2  3  4  5  6  7  8  9 |
---------------+----------------------------+-----
Throwing       | 1 2 3 |  3.0
Fighting       | 2 3 4 |  4.6
Shields        | 1 2 3 4 |  4.0
Shapeshifting  | 4 5 6 |  6.7
Unarmed Combat | 4 5 |  5.4
Evocations     | 2 3 |  3.6
Dodging        | |  2.0

Action                     |  1- 3 |  4- 6 |  7- 9 || total
---------------------------+-------+-------+-------++-------
  Melee: Unarmed           |    74 |    94 |   140 ||   308
         Constrict         |    19 |    17 |    31 ||    67
         Tentacles         |    15 |    23 |    36 ||    74
         Punch             |     2 |     4 |     9 ||    15
  Throw: Javelin           |       |       |     2 ||     2
    Use: Potion            |       |     1 |       ||     1
   Stab: Sleeping          |    12 |     9 |     2 ||    23
         Distracted        |       |     1 |       ||     1
 Armour: Skin              |    20 |    65 |    66 ||   151
  Dodge: Dodged            |    40 |    54 |    54 ||   148
  Block: Kite shield       |       |    34 |    36 ||    70

Table legend: (Time is in decaauts)
 A = Elapsed time spent in this place.
 B = Non-inter-level travel time spent in this place.
 C = Inter-level travel time spent in this place.
 D = Time resting spent in this place.
 E = Time spent auto-exploring this place.
 F = Levels seen in this place.
 G = Mean time per level.
                   A        B        C        D        E       F      G
               +--------+--------+--------+--------+--------+-----+--------+
         Total |   5202 |   4911 |    291 |    222 |   3840 |   7 |  743.1 |
       Dungeon |   5146 |   4907 |    239 |    222 |   3840 |   6 |  857.7 |
        Temple |     55 |      3 |     52 |      0 |      0 |   1 |   55.0 |
               +--------+--------+--------+--------+--------+-----+--------+

Top non-repeatable levels by time:
     D:2: 1111 daAuts
     D:3: 1006 daAuts
     D:4: 933 daAuts
     D:1: 903 daAuts
     D:5: 806 daAuts
     D:6: 385 daAuts
  Temple: 55 daAuts
